Map: Dusk Towers

Players

Dexter

  • Race: Zerg Zerg
  • League: Master

Miszu - Winner!

  • Race: Terran Terran
  • League: Master

VOD

Have the link to the VOD?

Description

Time

  • Played on: April 4, 2016, 6:23 a.m.
  • Length: 9:10
Show
View Real Time Build Order
Export as new Build Order

Dexter Zerg 

Build Orders: Hatch First, Muta Ling Bane 

Get SALT Encoding   

  12  0:01  Drone  
  13  0:12  Overlord  
  13  0:17  Drone  
  14  0:30  Drone x2  
  14  0:34  Drone  
  17  0:51  Hatchery  
  17  0:54  Drone  
  17  0:57  Drone  
  18  1:08  Extractor  
  17  1:13  Spawning Pool  
  17  1:15  Drone  
  18  1:18  Drone  
  18  1:28  Drone  
  19  1:39  Overlord  
  19  1:59  Queen  
  19  2:00  Zergling x2  
  19  2:01  Zergling x2  
  23  2:03  Queen  
  23  2:04  Zergling x2  
  26  2:09  Metabolic Boost  
  26  2:11  Drone  
  26  2:14  Drone  
  28  2:21  Drone  
  29  2:25  Drone  
  30  2:34  Overlord  
  30  2:36  Queen  
  32  2:40  Queen  
  32  2:43  Drone  
  35  2:45  Drone  
  36  2:54  Drone x2  
  36  2:57  Drone  
  39  3:05  Drone  
  40  3:11  Zergling x8  
  40  3:12  Overlord x2  
  43  3:31  Drone  
  43  3:32  Drone x3  
  47  3:41  Drone  
  47  3:43  Drone  
  47  3:45  Hatchery  
  48  3:50  Overlord x2  
  48  3:53  Lair  
  48  3:55  Drone x2  
  50  3:59  Extractor x2  
  48  4:03  Overlord x2  
  48  4:10  Drone x2  
  48  4:11  Drone  
  48  4:14  Drone  
  52  4:18  Drone  
  53  4:25  Drone x3  
  56  4:36  Drone  
  56  4:37  Drone x4  
  63  4:49  Drone  
  63  4:50  Extractor  
  63  4:52  Drone x2  
  65  4:53  Drone  
  65  4:58  Spire, Drone  
  65  4:59  Drone  
  65  5:02  Queen, Drone  
  68  5:08  Drone x3  
  71  5:14  Drone  
  71  5:15  Overlord  
  72  5:21  Drone  
  72  5:22  Baneling Nest  
  72  5:24  Drone x4  
  76  5:29  Drone  
  77  5:36  Drone  
  77  5:37  Extractor x2, Drone x2  
  77  5:38  Drone x2  
  77  5:40  Drone  
  81  5:44  Drone  
  81  5:45  Drone  
  83  5:52  Drone  
  84  5:58  Drone x2  
  84  6:00  Evolution Chamber  
  84  6:03  Evolution Chamber  
  84  6:05  Hatchery  
  83  6:16  Zerg Flyer Weapons Level 1, Mutalisk x7  
  97  6:19  Overlord x4  
  97  6:20  Overlord  
  97  6:33  Overlord  
  97  6:37  Drone  
  97  6:38  Hatchery  
  97  6:39  Zerg Melee Weapons Level 1  
  97  6:40  Centrifical Hooks, Zerg Ground Armor Level 1  
  97  6:45  Baneling  
  97  6:46  Zergling x2, Baneling x5  
  97  6:47  Zergling x12  
  102  6:52  Baneling  
  102  6:53  Zergling x2, Baneling x3  
  102  6:54  Zergling x6  
  108  7:06  Zergling x12  
  112  7:09  Overlord x2  
  108  7:19  Zergling x14  
  101  7:23  Zergling x2  
  101  7:31  Zergling x8  
  97  7:46  Zergling x2  
  97  7:47  Zergling x6  
  96  7:57  Baneling  
  96  7:58  Baneling x20, Mutalisk  
  96  7:59  Mutalisk x4  
  96  8:04  Zergling x10  
  96  8:05  Zergling x4  
  111  8:13  Zergling x2  
  111  8:14  Zergling x4  
  111  8:16  Overseer  
  111  8:19  Zergling x2  
  113  8:25  Zergling x4  
  110  8:29  Zergling x12  
  113  8:38  Baneling x4  
  113  8:39  Zergling x12  
  108  8:51  Zergling x6  
Show
View Real Time Build Order
Export as new Build Order

Miszu Terran - Winner!

Build Orders: MMM Bio 

Get SALT Encoding   

  12  0:00  SCV  
  13  0:12  SCV  
  14  0:18  Supply Depot  
  14  0:24  SCV  
  15  0:39  SCV  
  15  0:41  Barracks  
  16  0:46  Refinery  
  16  0:51  SCV  
  17  1:03  SCV  
  18  1:15  SCV  
  19  1:28  Orbital Command  
  19  1:30  Barracks Reactor  
  19  1:39  Command Center  
  19  1:48  Supply Depot  
  19  1:53  SCV  
  20  2:05  SCV  
  21  2:09  Reaper x2  
  23  2:17  SCV  
  25  2:30  Command Center, SCV  
  25  2:42  SCV  
  26  2:44  Reaper x2  
  28  2:54  SCV, Orbital Command  
  29  3:04  Refinery  
  29  3:06  SCV  
  30  3:18  SCV  
  30  3:19  Barracks  
  31  3:20  Barracks  
  31  3:27  SCV  
  31  3:30  SCV  
  31  3:31  Reaper x2  
  34  3:39  SCV  
  35  3:42  SCV  
  35  3:43  Orbital Command  
  35  3:51  SCV  
  35  3:54  SCV  
  37  4:03  SCV  
  37  4:06  Marine x2, SCV  
  37  4:07  Factory, Barracks Tech Lab  
  37  4:08  Barracks Tech Lab  
  37  4:09  SCV  
  42  4:15  SCV  
  43  4:18  Refinery, SCV  
  43  4:19  Refinery  
  43  4:20  Supply Depot  
  43  4:21  SCV  
  43  4:23  Marine  
  43  4:24  Marine  
  46  4:26  Marine  
  46  4:27  Stimpack  
  46  4:28  SCV  
  46  4:30  SCV  
  50  4:33  Engineering Bay, Marine  
  50  4:35  Engineering Bay  
  51  4:39  Orbital Command  
  51  4:40  SCV  
  51  4:41  Marine x2  
  51  4:43  SCV  
  51  4:44  Supply Depot, Marine  
  56  4:51  Marine  
  56  4:52  SCV  
  58  4:53  Starport  
  58  4:54  Factory Reactor  
  58  4:55  SCV  
  58  4:59  Marine x2  
  61  5:03  Marine  
  61  5:04  SCV  
  61  5:05  Terran Infantry Weapons Level 1, Terran Infantry Armor Level 1  
  61  5:06  SCV  
  64  5:07  SCV  
  64  5:12  Supply Depot  
  65  5:16  Marine, SCV  
  65  5:17  Marine  
  65  5:19  SCV x2  
  70  5:21  Barracks  
  70  5:23  Barracks  
  70  5:28  SCV  
  71  5:31  Marine, SCV x2  
  71  5:35  Supply Depot  
  74  5:36  Supply Depot  
  74  5:37  Marine x2  
  74  5:40  Medivac, SCV, Factory Reactor  
  74  5:42  Medivac  
  81  5:43  SCV  
  81  5:44  SCV  
  81  5:47  Marine  
  84  5:52  SCV  
  84  5:56  Marine, Combat Shields  
  84  5:57  SCV x2  
  88  5:58  Supply Depot  
  88  6:01  Supply Depot  
  88  6:03  Armory  
  88  6:04  SCV  
  88  6:07  Marine x2  
  88  6:08  Marine  
  88  6:09  SCV x2  
  94  6:13  Missile Turret  
  94  6:14  Missile Turret  
  94  6:15  Missile Turret  
  94  6:16  Barracks Reactor x2, SCV  
  94  6:17  Widow Mine  
  97  6:21  SCV  
  97  6:24  Marine x2, Widow Mine  
  97  6:25  Marine  
  103  6:31  Refinery  
  103  6:32  Supply Depot  
  103  6:34  Supply Depot  
  103  6:41  Barracks  
  103  6:42  Barracks  
  103  6:44  Barracks  
  103  6:47  Marine  
  103  6:48  Marine x2, Marauder  
  108  6:56  Marine x4, Widow Mine  
  114  7:05  Marine  
  114  7:06  Marine x2  
  117  7:08  Marine  
  117  7:13  Marine  
  117  7:14  Marine  
  108  7:23  Marine x2  
  108  7:24  Marine x2, Marauder  
  108  7:25  Hellion, Medivac x2, Widow Mine  
  108  7:26  Marine  
  108  7:29  Supply Depot  
  123  7:31  Supply Depot, Marine  
  123  7:32  Marine  
  123  7:33  Supply Depot  
  123  7:41  Marine x2  
  120  7:45  Widow Mine  
  120  7:50  Marauder  
  120  7:51  Marine x4, Marauder  
  125  7:52  Marine  
  125  7:53  Marine x2, Widow Mine  
  125  7:57  Medivac  
  135  7:59  Marine  
  135  8:12  Marauder  
  139  8:13  Marauder  
  139  8:14  Widow Mine  
  139  8:16  Marine  
  139  8:17  Marine x8  
  150  8:22  Widow Mine  
  150  8:32  Medivac  
  150  8:33  Marine, Marauder  
  154  8:34  Marine  
  154  8:35  Marine  
  154  8:38  Marine  
  149  8:43  Marine  
  149  8:44  Marine  
Tags
 
Add a new tag
Caveats
  • Supply blocks, unpowered buildings, or Contaminate may cause inaccurate times.
  • Supply counts are checked every 10 seconds.